 Dungeon Crawl Stone Soup version 0.23.2-1-ga50397a6bc (webtiles) character file.

Game seed: 6839376659720856580

101427 Qayin the Spry (level 15, -5/110 HPs)
             Began as a Vampire Enchanter on Apr 19, 2019.
             Was the Champion of Dithmenos.
             Slain by a ghostly deep elf knight
             ... wielding a +0 short sword
              (18 damage)
             ... on level 1 of the Elven Halls.
             The game lasted 04:23:37 (30328 turns).

Qayin the Spry (Vampire Enchanter)                 Turns: 30328, Time: 04:23:37

Health: -5/110     AC: 12    Str: 10    XL:     15   Next: 83%
Magic:  27/27      EV: 31    Int: 21    God:    Dithmenos [******]
Gold:   2124       SH:  0    Dex: 20    Spells: 14/30 levels left

rFire    + . .     SeeInvis +   b - +7 Singing Sword {slice, sonic wave}
rCold    + . .     Gourm    .   (no shield)
rNeg     + + .     Faith    .   O - +2 robe {MR+}
rPois    +         Spirit   .   J - +1 helmet of Biotz {+Blink rElec rPois rC-}
rElec    +         Reflect  .   T - scarf {repulsion}
rCorr    .         Harm     .   S - +2 pair of gloves
MR       ++...                  Z - +2 pair of boots of the Assassin {Detection Stab+ Stlth++}
Stlth    ++++++++++             Y - amulet of magic regeneration
HPRegen  0.14/turn              v - ring of protection from fire {rF+,}
MPRegen  0.45/turn              V - ring of protection from cold {rC+,}

@: agile, regenerating slowly, wreathed by umbra, repel missiles
A: fangs 3, see invisible, unbreathing
a: Bat Form, Shadow Step, Shadow Form, Renounce Religion, Evoke Blink


You were on level 1 of the Elven Halls.
You worshipped Dithmenos.
Dithmenos was exalted by your worship.
You were very thirsty.

You visited 5 branches of the dungeon, and saw 24 of its levels.
You also visited: Gauntlet.

You collected 2124 gold pieces.

Inventory:

Hand Weapons
 a - a +9 dagger of chaos
   (You took it off Psyche on level 8 of the Dungeon)
 b - the +7 Singing Sword (weapon) {slice, sonic wave}
   (You took it off an efreet on level 13 of the Dungeon)

   It inflicts extra damage upon your enemies.
 c - a +1 scimitar of flaming
   (You took it off Erica on level 8 of the Dungeon)
Missiles
 e - 2 throwing nets (quivered) {=f, !d}
Armour
 d - +0 acid dragon scales
   (You found it on level 14 of the Dungeon)
 l - a +0 troll leather armour {regen}
   (You found it on level 13 of the Dungeon)
 J - the +1 helmet of Biotz (worn) {+Blink rElec rPois rC-}
   (You found it in a Gauntlet)

   It makes you vulnerable to cold.
   It insulates you from electricity.
   It protects you from poison.
   It lets you blink.
 O - a +2 robe of magic resistance (worn)
   (You took it off Erica on level 8 of the Dungeon)
 S - a +2 pair of gloves (worn)
   (You found it on level 2 of the Lair of Beasts)
 T - a scarf of repulsion (worn)
   (You found it on level 9 of the Dungeon)
 Z - the +2 pair of boots of the Assassin (worn) {Detection Stab+ Stlth++}
   (You found it on level 12 of the Dungeon)

   It makes you much more stealthy.
Jewellery
 j - an uncursed ring of resist corrosion
   (You found it on level 5 of the Lair of Beasts)
 v - a ring of protection from fire (left hand) {rF+,}
   (You found it in a Gauntlet)
 V - a ring of protection from cold (right hand) {rC+,}
   (You found it on level 11 of the Dungeon)
 Y - an amulet of magic regeneration (around neck)
   (You found it on level 12 of the Dungeon)
Wands
 u - a wand of clouds (4)
   (You found it on level 1 of the Lair of Beasts)
 w - a wand of random effects (19)
   (You took it off Natasha on level 2 of the Dungeon)
 y - a wand of paralysis (8)
   (You found it on level 4 of the Lair of Beasts)
 D - a wand of enslavement (12)
   (You found it in a Gauntlet)
 K - a wand of iceblast (27)
   (You found it on level 7 of the Dungeon)
Scrolls
 f - a scroll of fog {!r}
 g - 2 scrolls of acquirement
 i - 4 scrolls of identify
 k - 5 scrolls of immolation {!r}
 q - 2 scrolls of enchant armour
 t - 5 scrolls of teleportation
 B - 2 scrolls of blinking {!r}
 F - 4 scrolls of fear
 M - a scroll of magic mapping {!r}
 R - 10 scrolls of remove curse
 X - a scroll of silence
Potions
 m - a potion of might
 n - 4 potions of mutation {!q}
 o - 2 potions of magic
 p - a potion of berserk rage {!q}
 r - 2 potions of resistance
 x - 4 potions of flight
 z - 31 potions of blood {@q1}
 C - 7 potions of curing
 E - 5 potions of ambrosia
 G - 3 potions of brilliance
 H - 3 potions of haste
 Q - a potion of cancellation
 W - a potion of invisibility
Miscellaneous
 L - a lamp of fire
   (You found it on level 10 of the Dungeon)
 P - a phial of floods
   (You found it on level 2 of the Lair of Beasts)


   Skills:
 - Level 8.0 Fighting
 + Level 10.0(11.4) Short Blades
 + Level 8.3(10.2) Long Blades
 - Level 16.0 Dodging
 - Level 15.0 Stealth
 - Level 8.0 Spellcasting
 - Level 1.1 Conjurations
 - Level 14.0 Hexes
 - Level 6.2 Ice Magic
 - Level 9.0 Invocations


You had 14 spell levels left.
You knew the following spells:

 Your Spells              Type           Power        Failure   Level  Hunger
f - Cause Fear            Hex            ######....   1%          4    ###....
i - Tukima's Dance        Hex            ######..     1%          3    None
u - Confuse               Hex            ######..     1%          3    None
x - Dazzling Spray        Conj/Hex       #####.       1%          3    None
y - Corona                Hex            ######.      1%          1    None
z - Ensorcelled Hibernat  Hex/Ice        ######       1%          2    None

Your spell library contained the following spells:

 Spells                   Type           Power        Failure   Level  Hunger
 Confusing Touch          Hex            ######       1%          1    None
 Slow                     Hex            ######..     1%          2    None
 Inner Flame              Hex/Fire       #####...     1%          3    None
 Portal Projectile        Hex/Tloc       #####.       1%          3    None
 Spectral Weapon          Hex/Chrm       #####...     1%          3    None
 Summon Guardian Golem    Hex/Summ       #####...     1%          3    None
 Fulminant Prism          Conj/Hex       #####.....   3%          4    ###....
 Magic Dart               Conj           ##..         4%          1    None
 Leda's Liquefaction      Hex/Erth       #####.....   4%          4    ###....
 Flame Tongue             Conj/Fire      ##...        6%          1    None
 Shock                    Conj/Air       ##..         6%          1    None
 Sting                    Conj/Pois      ##..         6%          1    None
 Animate Skeleton         Necr           N/A          8%          1    None
 Apportation              Tloc           #.....       8%          1    None
 Infusion                 Chrm           #...         8%          1    None
 Sandblast                Erth           #.....       8%          1    None
 Summon Butterflies       Summ           #.......     8%          1    None
 Summon Small Mammal      Summ           #...         8%          1    None
 Searing Ray              Conj           ##....       8%          2    None
 Throw Flame              Conj/Fire      ##....       10%         2    None
 Blink                    Tloc           N/A          12%         2    None
 Call Imp                 Summ           #.......     12%         2    None
 Passwall                 Tmut/Erth      #.......     12%         2    None
 Poisonous Vapours        Pois/Air       #.....       12%         2    None
 Shroud of Golubria       Chrm/Tloc      #.........   12%         2    None
 Song of Slaying          Chrm           #.......     12%         2    None
 Swiftness                Chrm/Air       #.......     12%         2    None
 Summon Mana Viper        Hex/Summ       #####...     12%         5    #####..
 Conjure Flame            Conj/Fire      ##......     19%         3    None
 Static Discharge         Conj/Air       ##......     19%         3    None
 Stone Arrow              Conj/Erth      ##....       19%         3    None
 Mephitic Cloud           Conj/Pois/Air  #.......     21%         3    None
 Ice Form                 Ice/Tmut       ###.....     22%         4    ###....
 Summon Ice Beast         Ice/Summ       ###.....     22%         4    ###....
 Recall                   Summ/Tloc      N/A          24%         3    None
 Regeneration             Chrm/Necr      #.........   24%         3    None
 Iskenderun's Mystic Bla  Conj           ##......     45%         4    ###....
 Force Lance              Conj/Tloc      ##......     54%         4    ###....
 Sticky Flame             Conj/Fire      ##......     54%         4    ###....
 Airstrike                Air            #.........   61%         4    ###....
 Petrify                  Tmut/Erth      #.......     61%         4    ###....
 Ozocubu's Refrigeration  Ice            ####......   67%         6    ######.
 Discord                  Hex            ######....   86%         8    #######
 Fireball                 Conj/Fire      ##........   87%         5    #####..
 Lightning Bolt           Conj/Air       ##........   87%         5    #####..
 Lee's Rapid Deconstruct  Erth           #.........   91%         5    #####..
 Freezing Cloud           Conj/Ice/Air   ###.......   99%         6    ######.
 Shadow Creatures         Summ           N/A          100%        6    ######.


Dungeon Overview and Level Annotations

Branches:
Dungeon (14/15)            Temple (1/1) D:5            Lair (6/6) D:8
 Shoals (0/4) Lair:4        Snake (0/4) Lair:2        Slime (0/5) Lair:5
    Orc (2/2) D:11            Elf (1/3) Orc:2        Vaults (0/5) D:13

Altars:
Ashenzari
Cheibriados
Dithmenos
Elyvilon
Fedhas
Gozag
Hepliaklqana
Kikubaaqudgha
Makhleb
Nemelex Xobeh
Okawaru
Qazlal
Ru
Sif Muna
Trog
Uskayaw
Vehumet
Wu Jian
Xom
Yredelemnul
Zin
The Shining One
Beogh

Shops:
Orc:1 (%!   Orc:2 %*(:

Annotations:
D:1 cleared
D:2 cleared
D:3 cleared
D:4 cleared
D:5 cleared, exclusion: downstairs
D:6 cleared
D:7 cleared
D:8 cleared
D:9 cleared, exclusion: downstairs
D:10 cleared
D:11 cleared
D:12 cleared
D:13 cleared
D:14 cleared
Lair:1 cleared, exclusion: downstairs
Lair:2 3 runed translucent doors, otherwise cleared, Suk Xiy's ghost, journeyman DrTm
Lair:3 cleared
Lair:4 cleared
Lair:5 1 runed translucent door, otherwise cleared, Araneus's ghost, journeyman DsMo
Lair:6 cleared
Orc:1 cleared, exclusion: downstairs
Orc:2 3 runed translucent doors, otherwise cleared, Slacking101's ghost, journeyman GnWn
Elf:1 6 runed translucent doors


Innate Abilities, Weirdness & Mutations

You heal slowly.
You have razor-sharp teeth.
You have supernaturally acute eyesight. (SInv)
You can survive without breathing.


Message History

The deep elf knight is severely wounded.
The deep elf knight hits you with a +0 short sword!!
You take 22 damage, and have 88/110 hp.
MP restored: 27 You barely miss the deep elf knight.
The deep elf knight is severely wounded.
Your shadow barely misses the deep elf knight.
The deep elf knight mumbles some strange words.
The deep elf knight seems to speed up.
You barely miss the deep elf knight. Your bite misses the deep elf knight.
The deep elf knight is severely wounded.
Your shadow completely misses the deep elf knight.
The deep elf knight gestures at you while chanting.
The orb of energy misses you.
The deep elf death mage beckons forth a restless soul!
The deep elf knight misses you.
You riposte.
The deep elf knight blocks your attack.
The deep elf knight is severely wounded.
You slash the deep elf knight!
The Singing Sword chatters happily.
You send a blast of sound all around you.
The lost soul and the deep elf death mage are blasted.
The lost soul is severely damaged.
The deep elf death mage is moderately wounded.
The deep elf knight is no longer moving quickly.
The lost soul assumes the form of the deep elf knight and becomes anchored to this world!
The ghostly deep elf knight closely misses you.
You slash the ghostly deep elf knight!
The Singing Sword trills happily.
You send a blast of sound all around you.
The ghostly deep elf knight and the deep elf death mage are blasted.
The ghostly deep elf knight is severely damaged.
The deep elf death mage is severely wounded.
The ghostly deep elf knight is severely damaged.
You hear a shout!
The ghostly deep elf knight hits you with a +0 short sword.
A deep elf archer comes into view. It is wielding a -1 short sword.
You take 4 damage, and have 85/110 hp.
The ghostly deep elf knight blocks your attack.
You bite the ghostly deep elf knight.
The ghostly deep elf knight is severely damaged.
Casting: Dazzling Spray (safe; 1% risk of failure)
Confirm with . or Enter, or press ? or * to list all spells.
Aiming: Confuse (safe; 1% risk of failure)
Press: ? - help, Shift-Dir - straight line, f - deep elf death mage
Aim: a deep elf death mage, wielding a +1 dagger of draining (severely wounded, umbra, chance to defeat MR: 5%)
Okay, then.
You slice the deep elf death mage!!
The deep elf death mage is almost dead.
Your shadow hits the deep elf death mage with a double sword!
You kill the deep elf death mage!
Dithmenos accepts your kill.
The deep elf archer unwields a -1 short sword.
The deep elf archer wields a +0 shortbow.
The deep elf archer shoots an arrow.
The arrow hits you!!
You emit a cloud of dark smoke.
You take 24 damage, and have 61/110 hp.
MASSIVE DAMAGE!!
The ghostly deep elf knight blocks your attack.
Your bite misses the ghostly deep elf knight.
The ghostly deep elf knight is severely damaged.
You miss the ghostly deep elf knight.
The ghostly deep elf knight is severely damaged.
The ghostly deep elf knight hits you but does no damage.
You miss the ghostly deep elf knight.
The ghostly deep elf knight is severely damaged.
The ghostly deep elf knight casts a spell.
The ghostly deep elf knight seems to speed up.
You hit the ghostly deep elf knight.
The Singing Sword trains the diatonic scales.
You send a blast of sound all around you.
The ghostly deep elf knight is blasted.
The ghostly deep elf knight is almost destroyed. x2
Your shadow barely misses the ghostly deep elf knight.
The ghostly deep elf knight hits you with a +0 short sword!
The ghostly deep elf knight casts a spell at you.
The stone arrow misses you.
You take 11 damage, and have 50/110 hp.
The ghostly deep elf knight blocks your attack.
The ghostly deep elf knight is almost destroyed.
The ghostly deep elf knight blocks your shadow's attack.
The ghostly deep elf knight hits you with a +0 short sword!
You take 10 damage, and have 40/110 hp.
Unknown command.
You are too injured to fight recklessly!
You barely miss the ghostly deep elf knight.
The ghostly deep elf knight is almost destroyed.
The ghostly deep elf knight casts a spell at you.
The orb of energy hits you!!
* * * LOW HITPOINT WARNING * * *
You emit a cloud of dark smoke.
The orb of energy explodes!
The ghostly deep elf knight casts a spell at you.
The orb of energy misses you.
You take 27 damage, and have 13/110 hp.
MASSIVE DAMAGE!!
Okay, then.
Okay, then.
You feel agile all of a sudden.
The ghostly deep elf knight hits you with a +0 short sword!!
You die...

.........# #.........# #°#
.........###.......e.# #°#
.........'.'....(....###'#
.........###..).....##..°##
.........#
#.......##.....##
##.....###
##....§.#{.°....# .#.....#
##'#.§e§.#.○.....# ###+####
##.####e###○.E....# # #.#
##.## #@# ##.....## ###.#
##.## #§###'#...## .##.#
##.## #§##.######
#'#'###.## ###'#'##
##...#'## ##..(..##
#.....## #.......#
)......######.......#
°......'....'.......#
.......######.......#


You could see a deep elf archer and a ghostly deep elf knight.

Vanquished Creatures
  Gastronok (Lair:1)
  Louise (Elf:1)
  A reaper (Gauntlet)
  A deep elf demonologist (Elf:1)
  A minotaur (Gauntlet)
  Azrael (D:14)
  2 deep elf death magi (Elf:1)
  A fire dragon (D:13)
  An ice dragon (D:13)
  6 hydras
  2 centaur warriors
  Erica (D:8)
  8 dancing weapons (Elf:1)
  2 tengu warriors
  A merfolk avatar (Lair:6)
  A death yak (Lair:2)
  2 two-headed ogres
  2 orc high priests
  4 deep elf knights (Elf:1)
  Urug (Lair:2)
  The ghost of Forgol the Cleaver, a novice DDFi of Makhleb (D:7)
  An iron troll (D:13)
  A sea snake (Lair:6)
  A wizard (D:14)
  An unseen horror (D:12)
  4 deep elf archers (Elf:1)
  20 deep elf magi (Elf:1)
  A harpy (Lair:6)
  A mana viper (shapeshifter) (Elf:1)
  5 orc knights
  8 ugly things
  5 orc sorcerers
  3 cyclopes
  6 manticores
  4 merfolk sirens (Lair:4)
  9 elephants
  An eye of devastation (Lair:5)
  Psyche (D:8)
  11 spiny frogs
  4 gargoyles
  2 black mambas
  A spiny frog (shapeshifter) (Lair:6)
  A torpor snail (Lair:2)
  An ice devil (Gauntlet)
  2 kobold demonologists
  7 rime drakes
  An efreet (D:13)
  7 komodo dragons
  5 polar bears
  A tengu conjurer (D:13)
  2 wind drakes (shapeshifter)
  6 trolls
  4 hornets
  A meliai (shapeshifter) (D:13)
  3 blink frogs (Lair:6)
  5 slime creatures (D:12)
  10 hippogriffs
  4 dream sheep (Lair:4)
  Sigmund (D:5)
  An air elemental (Elf:1)
  34 yaks
  A spriggan (D:10)
  3 water elementals (Elf:1)
  5 wyverns
  A hog (shapeshifter) (D:13)
  A vampire (D:13)
  A basilisk (D:14)
  A neqoxec (Lair:6)
  11 vampire mosquitoes
  A basilisk (shapeshifter) (D:13)
  2 steam dragons
  2 hungry ghosts
  6 fire elementals
  2 nagas (Lair:2)
  2 two-headed ogre zombies (D:11)
  3 wargs (Orc:1)
  3 acid dragons
  2 swamp worms (Gauntlet)
  14 water moccasins
  A soldier ant (D:10)
  3 hell hounds (D:14)
  23 orc warriors
  An ice beast (D:12)
  4 porcupines
  An eye of draining (Lair:5)
  A swamp drake (Lair:5)
  5 sky beasts
  8 ogres
  3 phantoms
  5 necrophages
  A black bear (D:10)
  3 wolves (D:8)
  10 centaurs
  16 crocodiles
  2 big kobolds
  15 bullfrogs
  A wyvern zombie (D:6)
  2 earth elementals (Elf:1)
  A water moccasin zombie (D:6)
  A wyvern skeleton (D:8)
  4 scorpions
  A troll zombie (D:11)
  4 jellies
  15 killer bees
  10 wights
  2 howler monkeys
  5 electric eels
  A lava snake (Lair:3)
  7 crimson imps
  A bullfrog zombie (D:6)
  A quasit (D:14)
  9 hounds
  21 orc priests
  A bullfrog skeleton (D:4)
  17 orc wizards
  4 centaur skeletons
  Terence (D:2)
  5 iguanas
  Natasha (thrice) (D:2)
  4 hell rats (Lair:6)
  14 worker ants
  5 ogre zombies (D:11)
  2 hound zombies (D:6)
  3 hound skeletons
  Robin (D:2)
  A howler monkey zombie (D:6)
  10 adders
  3 gnolls (D:2)
  A howler monkey skeleton (D:11)
  4 shadow imps
  3 white imps (Gauntlet)
  2 adder zombies
  4 adder skeletons
  2 worms (D:4)
  A dart slug (D:5)
  7 leopard geckos
  81 orcs
  A ball python (D:1)
  5 bats
  7 giant cockroaches
  15 hobgoblins
  6 jackals
  16 kobolds
  5 quokkas
  4 frilled lizards
  12 goblins
  2 goblin zombies (D:11)
  A hobgoblin skeleton (D:11)
  3 hobgoblin zombies (D:11)
  A jackal skeleton (D:5)
  A leopard gecko zombie (D:5)
  3 orc skeletons (D:11)
  16 orc zombies (D:11)
  2 quokka zombies
  2 rats (D:1)
  A bush (D:6)
  16 fungi (Elf:1)
774 creatures vanquished.

Vanquished Creatures (collateral kills)
  A death knight (D:13)
  An orc high priest (Orc:2)
  An orc knight (Orc:2)
  An orc (Orc:1)
4 creatures vanquished.

Vanquished Creatures (others)
  A tengu warrior (D:11)
  A deep elf knight (Elf:1)
  A deep elf mage (Elf:1)
  A manticore (Lair:6)
  A polar bear (Lair:6)
  2 dancing weapons
  A swamp worm (Gauntlet)
  An orc wizard (Elf:1)
  An orc (Elf:1)
  2 butterflies (Lair:5)
  12 fungi
  26 plants
50 creatures vanquished.

Grand Total: 828 creatures vanquished

Notes
Turn   | Place    | Note
-------+----------+-------------------------------------------
     0 | D:1      | Qayin the Vampire Enchanter began the quest for the Orb.
     0 | D:1      | Reached XP level 1. HP: 13/13 MP: 3/3
   376 | D:1      | Reached skill level 2 in Short Blades
   444 | D:1      | Reached XP level 2. HP: 17/19 MP: 5/5
   448 | D:1      | Learned a level 2 spell: Ensorcelled Hibernation
   813 | D:1      | Reached skill level 3 in Short Blades
  1265 | D:2      | Reached XP level 3. HP: 24/24 MP: 3/6
  1296 | D:2      | Noticed Natasha
  1469 | D:2      | Reached skill level 5 in Hexes
  1574 | D:2      | Noticed Robin
  1763 | D:2      | Learned a level 3 spell: Confuse
  1776 | D:2      | Reached skill level 1 in Ice Magic
  1811 | D:2      | Found a shimmering altar of Xom.
  1844 | D:2      | Reached skill level 2 in Ice Magic
  1844 | D:2      | Reached XP level 4. HP: 30/30 MP: 0/7
  2109 | D:2      | Noticed Terence
  2118 | D:2      | Killed Terence
  2118 | D:2      | Reached skill level 5 in Stealth
  2146 | D:2      | Found a radiant altar of Vehumet.
  2371 | D:2      | Killed Natasha
  2371 | D:2      | Reached skill level 6 in Stealth
  2371 | D:2      | Reached XP level 5. HP: 26/35 MP: 1/8
  2631 | D:2      | Killed Robin
  2798 | D:2      | Found a shimmering altar of Xom.
  2902 | D:2      | Noticed Natasha
  2911 | D:2      | Killed Natasha
  2911 | D:2      | Reached skill level 7 in Stealth
  3271 | D:2      | Found a radiant altar of Vehumet.
  3611 | D:2      | Noticed Natasha
  3631 | D:2      | Killed Natasha
  3631 | D:2      | Reached skill level 1 in Fighting
  4516 | D:4      | Reached skill level 2 in Fighting
  4516 | D:4      | Reached XP level 6. HP: 45/46 MP: 3/9
  4633 | D:4      | Reached skill level 3 in Fighting
  4707 | D:4      | Reached skill level 6 in Hexes
  4887 | D:4      | Reached XP level 7. HP: 45/52 MP: 10/10
  4909 | D:4      | Reached skill level 3 in Ice Magic
  5006 | D:4      | Reached skill level 7 in Hexes
  5012 | D:4      | Learned a level 3 spell: Tukima's Dance
  5327 | D:5      | Entered Level 5 of the Dungeon
  5342 | D:5      | Reached skill level 3 in Spellcasting
  5478 | D:5      | Reached skill level 4 in Short Blades
  5530 | D:5      | Found a staircase to the Ecumenical Temple.
  5539 | Temple   | Entered the Ecumenical Temple
  5572 | D:5      | Reached skill level 3 in Dodging
  5727 | D:5      | Noticed Sigmund
  5738 | D:5      | Killed Sigmund
  5738 | D:5      | Reached skill level 4 in Dodging
  5738 | D:5      | Reached XP level 8. HP: 58/58 MP: 12/12
  5789 | D:5      | Reached skill level 5 in Dodging
  5986 | D:5      | Found a snail-covered altar of Cheibriados.
  6258 | D:6      | Reached skill level 6 in Dodging
  6513 | D:6      | Reached skill level 8 in Stealth
  6803 | D:6      | Reached skill level 9 in Stealth
  6851 | D:6      | Reached skill level 10 in Stealth
  7043 | D:6      | Found a shattered altar of Ashenzari.
  7056 | D:6      | Reached skill level 8 in Hexes
  7144 | D:6      | Found a shimmering altar of Xom.
  7144 | D:6      | Found a deep blue altar of Sif Muna.
  7144 | D:6      | Found a stormy altar of Qazlal.
  7279 | D:6      | Found a blossoming altar of Fedhas.
  7622 | D:7      | Reached skill level 4 in Ice Magic
  7622 | D:7      | Reached XP level 9. HP: 63/63 MP: 10/13
  7668 | D:7      | Found a large runed translucent door.
  7669 | D:7      | Found a large runed translucent door.
  7671 | D:7      | Noticed Forgol's ghost (novice DDFi)
  7767 | D:7      | Found a sacrificial altar of Ru.
  7887 | D:7      | Found a bloodstained altar of Trog.
  8107 | D:7      | Found a shadowy altar of Dithmenos.
  8113 | D:7      | Became a worshipper of Dithmenos the Shadowed
  8218 | D:7      | Noticed a two-headed ogre
  8220 | D:7      | Noticed a gargoyle
  8222 | D:7      | Killed a two-headed ogre
  8222 | D:7      | Reached skill level 7 in Short Blades
  8377 | D:7      | Killed a gargoyle
  8377 | D:7      | Reached skill level 7 in Dodging
  8716 | D:8      | Reached skill level 8 in Dodging
  8878 | D:8      | Got an ichor-stained quarterstaff
  8879 | D:8      | Identified the +9 quarterstaff of Gecaann {crush, rElec
                  | Dex+2 SInv} (You found it on level 8 of the Dungeon)
  8904 | D:8      | Found a staircase to the Lair.
  8908 | D:8      | Noticed Psyche
  8915 | D:8      | Killed Psyche
  8928 | D:8      | Noticed a troll
  8932 | D:8      | Killed a troll
  8932 | D:8      | Reached skill level 9 in Dodging
  8932 | D:8      | Reached XP level 10. HP: 66/70 MP: 9/14
  8952 | D:8      | Reached skill level 9 in Hexes
  9213 | D:8      | Reached * piety under Dithmenos
  9228 | D:8      | Noticed Erica
  9234 | D:8      | Learned a level 3 spell: Dazzling Spray
  9255 | D:8      | Killed Erica
  9255 | D:8      | Reached skill level 6 in Ice Magic
  9529 | D:8      | Found the +7 great mace "Firestarter" {inner flame, rF++}
  9727 | D:9      | Reached skill level 1 in Conjurations
  9764 | D:9      | Noticed a two-headed ogre
  9768 | D:9      | Noticed a glowing shapeshifter
  9768 | D:9      | a two-headed ogre changed into a glowing shapeshifter
  9768 | D:9      | Noticed a shock serpent
  9768 | D:9      | a glowing shapeshifter changed into a shock serpent
  9777 | D:9      | Noticed a torpor snail
  9777 | D:9      | a shock serpent changed into a torpor snail
  9779 | D:9      | Noticed a death drake
  9779 | D:9      | a torpor snail changed into a death drake
  9782 | D:9      | a death drake changed into a yaktaur
  9785 | D:9      | Noticed an orb spider
  9785 | D:9      | a yaktaur changed into an orb spider
  9786 | D:9      | Noticed a harpy
  9786 | D:9      | an orb spider changed into a harpy
  9918 | D:9      | Found a glowing silver altar of Zin.
 10047 | D:9      | Found a sparkling altar of Nemelex Xobeh.
 10230 | D:9      | Noticed a shadow dragon
 10232 | D:9      | Noticed a quicksilver dragon
 10232 | D:9      | a shadow dragon changed into a quicksilver dragon
 10236 | D:9      | Noticed a shadow dragon
 10236 | D:9      | a quicksilver dragon changed into a shadow dragon
 10402 | D:9      | Noticed a purple ugly thing
 10416 | D:9      | Killed a purple ugly thing
 10416 | D:9      | Reached skill level 4 in Spellcasting
 10564 | D:9      | Reached skill level 4 in Fighting
 11020 | D:10     | Entered Level 10 of the Dungeon
 11032 | D:10     | Reached skill level 11 in Stealth
 11161 | D:10     | Reached ** piety under Dithmenos
 11176 | D:10     | Reached skill level 10 in Hexes
 11457 | D:10     | Reached skill level 1 in Invocations
 11516 | D:10     | Reached XP level 11. HP: 59/77 MP: 5/17
 11679 | D:10     | Reached skill level 12 in Stealth
 11780 | D:10     | Reached skill level 2 in Invocations
 12006 | D:10     | Reached skill level 10 in Dodging
 12578 | D:11     | Found a staircase to the Orcish Mines.
 12608 | D:11     | Reached *** piety under Dithmenos
 12741 | D:11     | Noticed a tengu warrior
 12743 | D:11     | Noticed a tengu warrior
 12757 | D:11     | Banished a tengu warrior
 12757 | D:11     | Reached skill level 11 in Dodging
 13097 | D:11     | Killed a tengu warrior
 13428 | D:12     | Reached **** piety under Dithmenos
 13516 | D:12     | Reached skill level 12 in Dodging
 13771 | D:12     | Found a blossoming altar of Fedhas.
 13802 | D:12     | Reached skill level 13 in Dodging
 13849 | D:12     | Got a faintly glowing long sword
 13914 | D:12     | Reached skill level 5 in Fighting
 13979 | D:12     | Noticed a five-headed hydra
 14013 | D:12     | Learned a level 4 spell: Cause Fear
 14048 | D:12     | Noticed an unseen horror
 14055 | D:12     | Killed an unseen horror
 14055 | D:12     | Reached XP level 12. HP: 86/86 MP: 17/19
 14100 | D:12     | Killed a one-headed hydra
 14100 | D:12     | Reached skill level 5 in Spellcasting
 14199 | D:12     | Found the +2 pair of boots of the Assassin {Detection Stab+
                  | Stlth++}
 14260 | D:12     | Identified the +0 long sword "Vestryebb" {holy, rC+ Int-3
                  | Stlth+} (You found it on level 12 of the Dungeon)
 14452 | D:13     | Reached skill level 6 in Spellcasting
 14484 | D:13     | Reached ***** piety under Dithmenos
 14538 | D:13     | Reached skill level 11 in Hexes
 14755 | D:13     | Noticed an ice dragon
 14759 | D:13     | Reached skill level 14 in Dodging
 14763 | D:13     | Killed an ice dragon
 14772 | D:13     | Found a gate to the Vaults.
 14848 | D:13     | Noticed a six-headed hydra
 14879 | D:13     | Noticed a death knight
 14982 | Lair:1   | Entered Level 1 of the Lair of Beasts
 15247 | Lair:1   | Reached skill level 15 in Dodging
 15306 | Lair:1   | Noticed Gastronok
 15318 | Lair:1   | Killed Gastronok
 15318 | Lair:1   | Reached skill level 13 in Stealth
 15728 | Lair:2   | Found a staircase to the Snake Pit.
 15787 | Lair:2   | Noticed a six-headed hydra
 15799 | Lair:2   | Killed a one-headed hydra
 15799 | Lair:2   | Reached skill level 8 in Short Blades
 15822 | Lair:2   | Reached skill level 1 in Long Blades
 15822 | Lair:2   | Reached XP level 13. HP: 91/91 MP: 19/22
 16100 | Lair:2   | Noticed Suk Xiy's ghost (journeyman DrTm)
 16120 | Lair:2   | Found a runed translucent gate.
 16120 | Lair:2   | Found a runed translucent gate.
 16120 | Lair:2   | Found a runed translucent gate.
 16293 | Lair:2   | You fall through a shaft for 2 floors!
 16305 | Lair:4   | Reached skill level 2 in Long Blades
 16375 | Lair:4   | Found a staircase to the Shoals.
 16384 | Lair:4   | Reached skill level 3 in Long Blades
 16411 | Lair:4   | Reached skill level 4 in Long Blades
 16570 | Lair:4   | Reached skill level 5 in Long Blades
 16771 | Lair:4   | Got a dazzling scale mail
 17648 | Lair:3   | Reached skill level 12 in Hexes
 18138 | Lair:2   | Noticed Urug
 18268 | Lair:2   | Killed Urug
 18268 | Lair:2   | Reached skill level 3 in Invocations
 19142 | Lair:5   | Reached skill level 4 in Invocations
 19190 | Lair:5   | Found a staircase to the Slime Pits.
 19268 | Lair:5   | Reached skill level 5 in Invocations
 19321 | Lair:5   | Got a warped large shield
 19519 | Lair:5   | Found a runed translucent door.
 19519 | Lair:5   | Noticed Araneus's ghost (journeyman DsMo)
 19560 | Lair:5   | Identified the Compendium of Congealing Poisoning
 19765 | Lair:6   | Entered Level 6 of the Lair of Beasts
 19823 | Lair:6   | Reached skill level 6 in Invocations
 19931 | Lair:6   | Reached skill level 7 in Invocations
 19954 | Lair:6   | Found a gate leading to a gauntlet.
 19980 | Gauntlet | Entered a Gauntlet
 19980 | Gauntlet | Found a transporter.
 19988 | Gauntlet | Found a transporter.
 19991 | Gauntlet | Found a transporter.
 19999 | Gauntlet | Found a transporter.
 20001 | Gauntlet | Found a transporter.
 20011 | Gauntlet | Found a transporter.
 20028 | Gauntlet | Found a transporter.
 20031 | Gauntlet | Noticed a reaper
 20042 | Gauntlet | Found a transporter.
 20052 | Gauntlet | Found a transporter.
 20066 | Gauntlet | Found a transporter.
 20069 | Gauntlet | Found a runed translucent door.
 20076 | Gauntlet | Found a transporter.
 20080 | Gauntlet | Found a transporter.
 20139 | Gauntlet | Found a transporter.
 20139 | Gauntlet | Found a transporter.
 20316 | Gauntlet | Killed a reaper
 20324 | Gauntlet | Got a wavering tin amulet
 20373 | Gauntlet | Noticed a minotaur
 20932 | Gauntlet | Killed a minotaur
 20932 | Gauntlet | Reached skill level 8 in Invocations
 20938 | Gauntlet | Got an ichor-stained helmet
 20949 | Gauntlet | Identified the +1 helmet of Biotz {+Blink rElec rPois rC-}
                  | (You found it in a Gauntlet)
 21778 | Lair:5   | Found a runed translucent door.
 21834 | Lair:5   | Found a staircase to the Slime Pits.
 22291 | Lair:6   | Reached XP level 14. HP: 62/98 MP: 10/23
 22375 | Lair:6   | Reached skill level 9 in Invocations
 22427 | Lair:6   | Reached skill level 6 in Fighting
 22655 | Lair:6   | Reached skill level 6 in Long Blades
 22759 | Lair:6   | Reached skill level 9 in Short Blades
 23119 | Lair:6   | Got a fine falchion
 23128 | Lair:6   | Identified Towiwuos's Volume of Creation and the Snowflakes
 23623 | D:12     | Identified the +6 falchion of Suul {slice, rC+ Str+6
                  | Stlth+} (You found it on level 6 of the Lair of Beasts)
 23970 | D:7      | Killed Forgol's ghost
 24137 | Orc:1    | Entered Level 1 of the Orcish Mines
 24232 | Orc:1    | Reached skill level 7 in Spellcasting
 24303 | Orc:1    | Found Kuliryor's Antique Weapon Boutique.
 24380 | Orc:1    | HP: 25/100 [orc wizard/magic dart (9)]
 24907 | Orc:1    | Found Dim Bore's Distillery.
 24977 | Orc:1    | Reached ****** piety under Dithmenos
 25039 | Orc:1    | Found Liyt Asa's Food Shoppe.
 25183 | Orc:2    | Entered Level 2 of the Orcish Mines
 25190 | Orc:2    | Noticed Slacking101's ghost (journeyman GnWn)
 25199 | Orc:2    | Found a staircase to the Elven Halls.
 25210 | Orc:2    | Reached skill level 7 in Fighting
 25338 | Orc:2    | Found a runed translucent gate.
 25339 | Orc:2    | Found a runed translucent gate.
 25340 | Orc:2    | Found a runed translucent gate.
 25514 | Orc:2    | Found Poeseips's Book Boutique.
 25518 | Orc:2    | Found Rosog Rafo's General Store.
 25829 | Orc:2    | Reached skill level 14 in Stealth
 25959 | Orc:2    | Found Reetin's Antique Weapon Boutique.
 25960 | Orc:2    | Found Pochit's Food Emporium.
 25986 | Orc:2    | Paralysed by an orc sorcerer for 6 turns
 25998 | Orc:2    | Reached skill level 13 in Hexes
 26170 | Orc:2    | Found a roughly hewn altar of Beogh.
 26188 | Orc:2    | Identified the amulet of the Louse {Inacc rElec Int+3
                  | Dex-4} (You found it in a Gauntlet)
 26526 | D:13     | Identified Sofon's Handbook of Creative Enchantment
 26571 | D:13     | Reached skill level 15 in Stealth
 27261 | D:14     | Reached XP level 15. HP: 108/108 MP: 25/25
 27509 | D:14     | Reached skill level 14 in Hexes
 27677 | D:14     | Identified 2 scrolls of acquirement
 28068 | D:14     | Noticed Azrael
 28128 | D:14     | Killed Azrael
 28128 | D:14     | Reached skill level 7 in Long Blades
 28518 | Elf:1    | Entered Level 1 of the Elven Halls
 28602 | Elf:1    | Reached skill level 8 in Long Blades
 28801 | Elf:1    | Noticed Louise
 28815 | Elf:1    | Killed Louise
 29321 | Elf:1    | Reached skill level 16 in Dodging
 29487 | Elf:1    | Noticed a shadow dragon
 29487 | Elf:1    | Noticed a shadow dragon
 29487 | Elf:1    | Found a runed translucent gate.
 29487 | Elf:1    | Found a runed translucent gate.
 29487 | Elf:1    | Found a runed translucent gate.
 29487 | Elf:1    | Found a runed translucent gate.
 29487 | Elf:1    | Found a runed translucent gate.
 29487 | Elf:1    | Found a runed translucent gate.
 29490 | Elf:1    | Noticed a Hell Sentinel
 29491 | Elf:1    | Reached skill level 8 in Fighting
 29932 | Elf:1    | Reached skill level 8 in Spellcasting
 29996 | Elf:1    | HP: 26/110 [deep elf knight/shard of ice (32)]
 30314 | Elf:1    | Reached skill level 10 in Short Blades
 30327 | Elf:1    | HP: 13/110 [ghostly deep elf knight/orb of energy (27)]
 30328 | Elf:1    | Slain by a ghostly deep elf knight

Skill      XL: |  1  2  3  4  5  6  7  8  9 10 11 12 13 14 15 |
---------------+----------------------------------------------+-----
Short Blades   | 2 3 4 7 8 9 10 | 10.0
Hexes          | 5 6 7 8 10 11 12 13 14 | 14.0
Ice Magic      | 2 3 4 6 |  6.2
Stealth        | 6 7 10 11 12 13 15 | 15.0
Fighting       | 2 3 4 5 7 8 |  8.0
Spellcasting   | 3 4 6 7 8 |  8.0
Dodging        | 4 6 9 13 15 16 | 16.0
Conjurations   | 1 |  1.1
Invocations    | 1 2 8 9 |  9.0
Long Blades    | 1 5 6 8 |  8.3

Action                   |  1- 3 |  4- 6 |  7- 9 | 10-12 | 13-15 || total
-------------------------+-------+-------+-------+-------+-------++-------
Melee: Dagger            |    57 |    68 |   145 |   454 |   746 ||  1470
       Bite              |     1 |     1 |    10 |    40 |    90 ||   142
       Club              |       |    18 |    15 |       |       ||    33
       Quarterstaff      |       |       |       |    11 |       ||    11
       Scimitar          |       |       |       |    13 |    21 ||    34
       Falchion          |       |       |       |       |    35 ||    35
       Double sword      |       |       |       |       |    91 ||    91
       Unarmed           |       |       |       |       |     1 ||     1
 Fire: Hunting sling     |       |    89 |    59 |     7 |       ||   155
 Cast: Corona            |     5 |     5 |     1 |     5 |     2 ||    18
       Ensorcelled Hiber |    29 |    37 |    37 |    88 |    91 ||   282
       Confuse           |       |     7 |    31 |    56 |   156 ||   250
       Tukima's Dance    |       |       |     1 |       |    16 ||    17
       Dazzling Spray    |       |       |       |    19 |   113 ||   132
Invok: Shadow Step       |       |       |       |     3 |     6 ||     9
 Abil: End Transformatio |     1 |     1 |     2 |     4 |    57 ||    65
       Bat Form          |     1 |     1 |     2 |     4 |    57 ||    65
Evoke: Wand              |       |       |       |     7 |     2 ||     9
  Use: Potion            |     1 |     4 |    10 |    12 |    26 ||    53
       Scroll            |       |       |    13 |    17 |    19 ||    49
 Stab: Sleeping          |    31 |    22 |    36 |   114 |   151 ||   354
       Confused          |       |     2 |    14 |    41 |    81 ||   138
       Distracted        |       |     1 |     1 |     5 |     8 ||    15
       Paralysed         |       |       |     1 |     3 |     5 ||     9
       Invisible         |       |       |       |     7 |    24 ||    31
       Petrified         |       |       |       |       |     2 ||     2
       Petrifying        |       |       |       |       |     2 ||     2
Armor: Robe              |     8 |    19 |    11 |    39 |   112 ||   189
       Troll leather arm |       |       |       |       |     5 ||     5
Dodge: Dodged            |    24 |    83 |   100 |   354 |   748 ||  1309
       Deflected         |       |       |       |     2 |    25 ||    27
       Rpst.: Scimitar   |       |       |       |     6 |     7 ||    13
       Falchion          |       |       |       |       |     2 ||     2
       Double sword      |       |       |       |       |    16 ||    16

Levels and vault maps discovered:
D:1:      lightli_arrival_lavapool, layout_loops_corners, st_stairs_8
D:2:      layout_basic, fiery_altar_vehumet, first_ration, tgw_xom,
          uniq_natasha, uniq_robin, uniq_terence
D:3:      cheibrodos_old_hovel, layout_loops_ring
D:4:      layout_gridville
D:5:      layout_gridville, kennysheep_slug_shrine, minmay_temple_entry_waves,
          uniq_sigmund
D:6:      layout_rooms, fedhas_altar_decomposition,
          gammafunk_temple_overflow_claw, evilmike_ruin_ashenzari
D:7:      minmay_chambers_of_sixes, layout_basic, marbit_many_paths,
          lemuel_crystal_altar, ebering_ghost_disaster_area, basic_altar
D:8:      layout_gridville, erik_lair_island, uniq_erica, uniq_psyche
D:9:      layout_grid_maze, kennysheep_little_box,
          nemelex_xobeh_ov_fountains_minmay
D:10:     layout_basic, the_bakery
D:11:     layout_loops_ring, zombieorc2_lemuel, serial_bayou_crossing
D:12:     layout_irregular_city, basic_altar
D:13:     layout_loops_ring, david_vaults_4, minmay_the_grid_2x2
          [minmay_the_grid_dragon_b, minmay_the_grid_zigzags,
          minmay_the_grid_minigrid_large,
          minmay_the_grid_prize_four_corners_diamond_b]
D:14:     layout_loops_corners, minmay_staircase_bubble, uniq_azrael
Temple:   nicolae_temple_no_exploring_needed
Lair:1:   layout_chaotic_city, uniq_gastronok
Lair:2:   layout_layer_cave, guppyfry_snake_entry_island, gammafunk_ghost_icy,
          uniq_urug
Lair:3:   layout_gridlike
Lair:4:   layout_cave_pods, elwin_shoals_entry_stream, serial_bayou,
          serial_bayou_pond_b, serial_bayou_ford_a, serial_bayou_pond_d,
          serial_bayou_pond_e, st_stairs_5
Lair:5:   layout_regular_city, minmay_slime_entry_eyes,
          hellmonk_ghost_happy_afterlife, guppyfry_lair_drakes,
          lemuel_fruit_fields, lemuel_fruit_fields
Lair:6:   gammafunk_lair_ancient_temple, layout_small_grid,
          gauntlet_entry_generic, chequers_serial_rivers_small_b,
          serial_bayou_lake_a
Orc:1:    layout_caves, serial_shops, nicolae_shop_stone,
          nicolae_shop_behind_doors, nicolae_shop_crystal
Orc:2:    st_orc_elflike, layout_diamond_mine, maelrawn_ghost_gauntlet_escape,
          minmay_orc_temple_b
Elf:1:    eino_elf_arrival_customs, layout_geoelf_octagon, orc_legates,
          moated_statue, uniq_louise
Gauntlet: minmay_gauntlet_77_tree [minmay_gauntlet_arena_77_double_cross,
          minmay_gauntlet_arena_77_path,
          minmay_gauntlet_arena_77_terracotta_army,
          minmay_gauntlet_arena_77_fan, minmay_gauntlet_arena_77_block_sizes,
          minmay_gauntlet_arena_77_two_paths, minmay_gauntlet_arena_77_mess,
          gauntlet_exit_spiral]

Table legend:
 A = Turns spent in this place as a percentage of turns spent in the entire game.
 B = Non-inter-level travel turns spent in this place as a percentage of non-inter-level travel turns spent in the entire game.
 C = Inter-level travel turns spent in this place as a percentage of turns spent in this place.
 D = Turns resting spent in this place as a percentage of non-inter-level travel turns spent in this place.
 E = Turns spent auto-exploring this place as a percentage of non-inter-level travel turns spent in this place.
 F = Non-inter-level travel turns spent in this place divided by the number of levels of this place that you've seen.
                   A       B       C       D       E      F
               +-------+-------+-------+-------+-------+----------------------
         Total | 100.0 | 100.0 |  10.1 |  12.0 |  57.4 | 1090.9
       Dungeon |  61.4 |  60.7 |  11.1 |  13.6 |  58.2 | 1182.6
        Temple |   0.0 |   0.0 |   0.0 |   0.0 |   0.0 |   2.0
          Lair |  23.2 |  22.8 |  11.9 |   1.0 |  72.2 | 1035.2
  Orcish Mines |   6.7 |   6.8 |   7.7 |  13.6 |  39.7 | 933.0
   Elven Halls |   5.5 |   6.1 |   0.1 |  20.3 |  31.7 | 1663.0
      Gauntlet |   3.2 |   3.6 |   0.0 |  38.6 |  27.9 | 973.0
               +-------+-------+-------+-------+-------+----------------------

Table legend:
 A = Kills in this place as a percentage of kills in entire the game.
 B = Kills by you in this place as a percentage of kills by you in the entire game.
 C = Kills by friends in this place as a percentage of kills by friends in the entire game.
 D = Other kills in this place as a percentage of other kills in the entire game.
 E = Experience gained in this place as a percentage of experience gained in the entire game.
 F = Experience gained in this place divided by the number of levels of this place that you have seen.
                   A       B       C       D       E      F
               +-------+-------+-------+-------+-------+----------------------
         Total | 100.0 | 100.0 | 100.0 | 100.0 | 100.0 | 5795.8
       Dungeon |  58.1 |  58.8 |  25.0 |  35.3 |  36.9 | 3816.9
          Lair |  19.0 |  19.1 |   0.0 |  17.6 |  29.9 | 7222.0
  Orcish Mines |  14.2 |  13.7 |  75.0 |  23.5 |   9.3 | 6742.5
   Elven Halls |   7.4 |   7.2 |   0.0 |  17.6 |  21.5 | 31157.0
      Gauntlet |   1.3 |   1.2 |   0.0 |   5.9 |   2.4 | 3485.0
               +-------+-------+-------+-------+-------+----------------------
